 Dungeon Crawl Stone Soup version 0.27-a0-1548-gf8a67e7463 (webtiles) character file.

Game seed: 12865411450609867410

733 robertstho the Skirmisher (level 7, -15/96 HPs)
             Began as a Minotaur Berserker on July 13, 2021.
             Was a Believer of Trog.
             Demolished by a skeletal warrior (18 damage)
             ... led by a death knight
             ... on level 6 of the Dungeon.
             The game lasted 00:04:04 (5189 turns).

robertstho the Skirmisher (Minotaur Berserker)      Turns: 5189, Time: 00:04:04

Health: -15/96     AC:  9    Str: 29    XL:     7   Next: 45%
Magic:  6/6        EV: 11    Int:  5    God:    Trog [**....]
Gold:   278        SH:  0    Dex:  9    Spells: 6/6 levels left

rFire    . . .     SeeInvis .   u - +0 war axe
rCold    . . .     Faith    .   (no shield)
rNeg     . . .     Spirit   .   m - +0 scale mail
rPois    .         Reflect  .   (helmet restricted)
rElec    .         Harm     .   k - +0 cloak
rCorr    .         Rampage  .   (no gloves)
Will     .....                  (no boots)
Stlth    ..........             (no amulet)
HPRegen  0.26/turn              i - +6 ring of strength
MPRegen  0.10/turn              s - ring of flight

@: berserking, flying, very quick
A: horns 2, retaliatory headbutt
a: Renounce Religion, Berserk, Trog's Hand


You were on level 6 of the Dungeon.
You worshipped Trog.
Trog was pleased with you.
You visited 1 branch of the dungeon, and saw 6 of its levels.

You collected 278 gold pieces.

Inventory:

Hand Weapons
 u - a +0 war axe (weapon)
Armour
 b - a +1 leather armour of fire resistance
 k - a +0 cloak (worn)
 m - a +0 scale mail (worn)
Jewellery
 i - a +6 ring of strength (left hand)
 s - a ring of flight (right hand)
Wands
 l - a wand of mindburst (11)
 r - a wand of iceblast (8)
 t - a wand of polymorph (8)
Scrolls
 d - 3 scrolls of identify {unknown}
 e - 2 scrolls of teleportation {unknown}
 j - 2 scrolls of fear {unknown}
 n - a scroll of blinking {unknown}
 o - a scroll of enchant weapon {unknown}
Potions
 c - a potion of might {unknown}
 f - 3 potions of brilliance {unknown}
 g - 3 potions of curing {unknown}
 h - a potion of resistance {unknown}
 p - a potion of heal wounds {unknown}
 q - a potion of haste {unknown}


   Skills:
 * Level 6.5 Fighting
 + Level 6.2 Axes
 * Level 6.4 Armour
 + Level 3.3 Dodging


You had 6 spell levels left.
You didn't know any spells.
Your spell library was empty.

Dungeon Overview and Level Annotations

Branches:
Dungeon (6/15)             Temple (0/1) D:4

Altars:
Hepliaklqana
Vehumet


Innate Abilities, Weirdness & Mutations

You have a pair of horns on your head.
You reflexively headbutt those who attack you in melee.


Message History

Found 17 gold pieces.
You see here 17 gold pieces.
You now have 278 gold pieces (gained 17).
You start waiting.
A wraith is nearby!
A red film seems to cover your vision as you go berserk!
You feel yourself moving faster!
You feel mighty!
You hit the skeletal warrior.
The skeletal warrior is lightly damaged.
The skeletal warrior hits you with a +0 halberd!!
You hit the skeletal warrior but do no damage.
The skeletal warrior is lightly damaged.
You hit the skeletal warrior.
The skeletal warrior is lightly damaged.
The skeletal warrior hits you with a +0 halberd!
You slash the skeletal warrior! You headbutt the skeletal warrior!
The skeletal warrior is heavily damaged.
You slash the wraith!
The skeletal warrior completely misses you.
The wraith hits you but does no damage.
You hit the skeletal warrior.
You headbutt the skeletal warrior, but do no damage.
The skeletal warrior is heavily damaged.
You closely miss the wraith. The wraith hits you.
The skeletal warrior hits you with a +0 halberd!!
You barely miss the skeletal warrior.
Your headbutt misses the skeletal warrior.
The skeletal warrior is heavily damaged.
You hit the wraith. You hit the skeletal warrior.
The skeletal warrior is heavily damaged.
You slash the wraith! The wraith hits you but does no damage.
The skeletal warrior hits you with a +0 halberd!!
* * * LOW HITPOINT WARNING * * *
You closely miss the skeletal warrior.
The skeletal warrior is heavily damaged.
You barely miss the wraith. The wraith hits you!
* * * LOW HITPOINT WARNING * * *
The skeletal warrior hits you with a +0 halberd!!
You die...

..?.....#.......
................
.........#.......
#W....####
#z..#.....
#.........
#.#..###..
##z.....#
#@W##.....
#...#.....
########...#.....
#......[.........
#.......[..#.....
#<....†....#.....
############ ....
####


You could see a skeletal warrior and a wraith.

Vanquished Creatures
  An ice beast (D:5)
  A black bear (D:5)
  An ogre (D:4)
  A centaur (D:5)
  A jelly (D:4)
  2 orc priests (D:4)
  Crazy Yiuf (D:2)
  A centaur skeleton (D:5)
  3 bullfrog skeletons
  An orc wizard (D:4)
  5 adders
  An ufetubus (D:5)
  A worm (D:4)
  A dart slug (D:1)
  9 orcs
  2 bats (D:1)
  9 endoplasms
  7 goblins
  6 hobgoblins
  8 jackals
  3 quokkas
  8 ball pythons
  2 frilled lizards
  6 kobolds
  A quokka skeleton (D:4)
  4 rats
86 creatures vanquished.

Vanquished Creatures (others)
  2 demonic plants (D:1)
  A fungus (D:1)
  2 plants
  A withered plant (D:1)
6 creatures vanquished.

Grand Total: 92 creatures vanquished

Notes
Turn   | Place    | Note
-------+----------+-------------------------------------------
     0 | D:1      | robertstho the Minotaur Berserker began the quest for the
                  | Orb.
     0 | D:1      | Reached XP level 1. HP: 19/19 MP: 0/0
   168 | D:1      | Reached XP level 2. HP: 25/27 MP: 1/1
   339 | D:1      | Found a faded altar of an unknown god.
   945 | D:2      | Reached XP level 3. HP: 34/34 MP: 2/2
   977 | D:2      | Reached ** piety under Trog
  1021 | D:2      | Found a runed translucent door.
  1022 | D:2      | Noticed Crazy Yiuf
  1328 | D:2      | You fall into a shaft and drop 1 floor!
  1772 | D:2      | Reached XP level 4. HP: 29/41 MP: 3/3
  2053 | D:2      | Killed Crazy Yiuf
  2054 | D:2      | Reached skill level 5 in Fighting
  2174 | D:3      | Reached XP level 5. HP: 45/48 MP: 4/4
  2946 | D:4      | Found a staircase to the Ecumenical Temple.
  3021 | D:4      | Reached skill level 5 in Axes
  3270 | D:4      | Reached XP level 6. HP: 51/57 MP: 5/5
  3991 | D:5      | Entered Level 5 of the Dungeon
  3992 | D:5      | Found a radiant altar of Vehumet.
  4004 | D:5      | Found a hazy altar of Hepliaklqana.
  4362 | D:5      | Reached skill level 5 in Armour
  4564 | D:5      | Reached XP level 7. HP: 45/64 MP: 6/6
  5086 | D:6      | Noticed a skeletal warrior
  5086 | D:6      | Noticed a wraith
  5189 | D:6      | HP: 3/96 [wraith[a death knight] (9)]
  5189 | D:6      | Demolished by a skeletal warrior

Illustrated notes

Levels and vault maps discovered:
D:1:      scummos_arrival_simple_fountains, layout_loops_ring,
          shapermc_ecumenical_altar_gd
D:2:      layout_loops_ring, uniq_crazy_yiuf_cottage
D:3:      layout_loops_cross, minmay_shallow_snake_nest
D:4:      layout_basic, minmay_temple_entry_proselytizer
D:5:      layout_basic, grunt_temple_overflow_open,
          chequers_serial_rivers_micro_c, fountainhead
D:6:      layout_rooms, minitemple, biasface_ghost_orc_armoury, uniq_maggie

Skill      XL: |  1  2  3  4  5  6  7 |
---------------+----------------------+-----
Fighting       | 4 5 6 |  6.5
Armour         | 3 4 5 6 |  6.4
Axes           | 4 5 6 |  6.2
Dodging        | 3 |  3.3

Action                   |  1- 3 |  4- 6 |  7- 9 || total
-------------------------+-------+-------+-------++-------
Melee: Hand axe          |    87 |   102 |       ||   189
       Headbutt          |    17 |    18 |     2 ||    37
       War axe           |       |     7 |    25 ||    32
Invok: Berserk           |       |     2 |     1 ||     3
Armor: Ring mail         |     8 |       |       ||     8
       Leather armour    |    22 |     6 |       ||    28
       Scale mail        |       |    56 |    10 ||    66
Dodge: Dodged            |    51 |    53 |    15 ||   119

Table legend: (Time is in decaauts)
 A = Elapsed time spent in this place.
 B = Non-inter-level travel time spent in this place.
 C = Inter-level travel time spent in this place.
 D = Time resting spent in this place.
 E = Time spent auto-exploring this place.
 F = Levels seen in this place.
 G = Mean time per level.
                   A        B        C        D        E       F      G
               +--------+--------+--------+--------+--------+-----+--------+
         Total |   5219 |   4885 |    334 |      2 |   4321 |   6 |  869.8 |
       Dungeon |   5219 |   4885 |    334 |      2 |   4321 |   6 |  869.8 |
               +--------+--------+--------+--------+--------+-----+--------+

Top non-repeatable levels by time:
     D:4: 1207 daAuts
     D:2: 1166 daAuts
     D:5: 1131 daAuts
     D:1: 924 daAuts
     D:3: 720 daAuts
     D:6: 69 daAuts
